Map: Ulrena

Players

MajeStic - Winner!

  • Race: Protoss Protoss
  • League: Grandmaster

Lilbow

  • Race: Protoss Protoss

Event: DreamHack ROCCAT LotV Championship

VOD

Have the link to the VOD?

Description

Time

  • Played on: Nov. 26, 2015, 1:26 p.m.
  • Length: 9:39

All games in this series

Show
View Real Time Build Order
Export as new Build Order

MajeStic Protoss - Winner!

Build Orders: Blink Stalkers, Dark Templar Rush 

Get SALT Encoding   

  12  0:00  Probe (Chrono Boost)  
  13  0:11  Probe (Chrono Boost)  
  14  0:17  Pylon  
  14  0:22  Probe (Chrono Boost)  
  15  0:36  Probe (Chrono Boost)  
  15  0:38  Gateway  
  15  0:42  Assimilator  
  16  0:46  Probe (Chrono Boost)  
  18  0:57  Probe (Chrono Boost)  
  18  1:03  Assimilator  
  18  1:07  Probe (Chrono Boost)  
  19  1:15  Gateway  
  19  1:18  Probe (Chrono Boost)  
  20  1:28  Cybernetics Core, Probe (Chrono Boost)  
  21  1:37  Pylon  
  21  1:39  Probe (Chrono Boost)  
  22  1:52  Probe (Chrono Boost)  
  23  2:05  Mothership Core (Chrono Boost)  
  23  2:06  Stalker x2  
  29  2:11  Warp Gate (Chrono Boost)  
  29  2:23  Probe (Chrono Boost)  
  30  2:35  Twilight Council  
  30  2:42  Pylon  
  30  2:54  Stalker  
  31  3:00  Stalker  
  33  3:07  Gateway  
  33  3:19  Probe, Dark Shrine  
  34  3:35  Nexus  
  34  3:42  Pylon  
  34  3:58  Blink (Chrono Boost)  
  34  3:59  Pylon  
  34  4:02  Probe  
  34  4:14  Probe  
  34  4:15  Pylon  
  35  4:32  Probe  
  35  4:34  Dark Templar x2  
  40  4:39  Stalker  
  40  4:44  Probe  
  43  4:46  Probe  
  44  4:56  Probe  
  43  5:02  Probe  
  43  5:07  Stalker, Probe  
  46  5:11  Stalker  
  49  5:14  Probe  
  49  5:17  Stalker  
  52  5:36  Stalker x2  
  52  5:38  Probe  
  52  5:39  Probe  
  52  5:42  Assimilator  
  56  5:44  Stalker  
  56  5:48  Probe  
  56  5:49  Pylon  
  58  5:51  Probe  
  60  5:59  Probe  
  60  6:03  Probe  
  62  6:05  Robotics Facility  
  62  6:08  Forge  
  62  6:09  Probe  
  63  6:12  Assimilator  
  63  6:15  Probe  
  64  6:20  Probe  
  64  6:22  Pylon  
  65  6:27  Probe  
  65  6:30  Probe  
  65  6:31  Sentry  
  69  6:40  Probe  
  69  6:41  Probe  
  69  6:44  Protoss Ground Weapons Level 1 (Chrono Boost)  
  70  6:50  Nexus  
  70  6:52  Sentry, Probe  
  70  6:53  Observer (Chrono Boost)  
  74  7:03  Robotics Bay  
  74  7:09  Pylon  
  74  7:11  Immortal (Chrono Boost)  
  78  7:19  Gateway  
  78  7:26  Gateway  
  78  7:27  Stalker  
  80  7:31  Stalker  
  80  7:35  Stalker  
  84  7:44  Gateway  
  84  7:46  Gateway  
  84  7:50  Disruptor  
  84  7:56  Pylon  
  87  8:07  Stalker  
  87  8:08  Stalker  
  89  8:23  Disruptor  
  89  8:24  Stalker  
  87  8:34  Stalker x2  
  92  8:36  Probe  
  92  8:37  Probe x2, Assimilator  
  97  8:41  Stalker x2  
  101  8:55  Pylon  
  101  8:57  Pylon  
  101  8:58  Disruptor  
  104  9:05  Stalker x3  
  110  9:11  Stalker x2  
  102  9:25  Stalker x3  
  102  9:28  Stalker  
Show
View Real Time Build Order
Export as new Build Order

Lilbow Protoss 

Build Orders: Oracle Opening 

Get SALT Encoding   

  12  0:00  Probe (Chrono Boost)  
  13  0:11  Probe (Chrono Boost)  
  14  0:18  Pylon  
  14  0:22  Probe (Chrono Boost)  
  15  0:36  Probe (Chrono Boost)  
  15  0:37  Gateway  
  15  0:42  Assimilator  
  16  0:47  Probe (Chrono Boost)  
  17  0:57  Probe (Chrono Boost)  
  17  0:58  Assimilator  
  18  1:08  Probe (Chrono Boost)  
  18  1:09  Gateway  
  19  1:18  Probe (Chrono Boost)  
  19  1:24  Cybernetics Core  
  20  1:29  Probe (Chrono Boost)  
  21  1:36  Pylon  
  22  1:40  Probe (Chrono Boost)  
  22  1:50  Probe (Chrono Boost)  
  23  2:00  Stalker x2  
  27  2:01  Warp Gate (Chrono Boost)  
  29  2:08  Mothership Core  
  29  2:25  Twilight Council  
  29  2:29  Probe  
  30  2:42  Probe, Pylon  
  31  3:00  Stalker, Stargate  
  31  3:02  Stalker  
  35  3:14  Pylon  
  35  3:42  Nexus  
  35  3:45  Pylon  
  35  3:47  Oracle (Chrono Boost)  
  38  3:58  Stalker x2  
  42  4:19  Oracle (Chrono Boost)  
  42  4:22  Probe  
  46  4:35  Stalker x2  
  50  4:46  Pylon  
  50  5:03  Probe x2, Robotics Facility  
  52  5:13  Probe  
  52  5:15  Probe  
  54  5:24  Probe  
  54  5:25  Twilight Council  
  54  5:26  Assimilator  
  54  5:27  Probe  
  55  5:34  Probe  
  54  5:39  Probe  
  56  5:45  Probe  
  57  5:51  Probe, Observer  
  57  5:55  Probe  
  59  5:57  Stalker x2  
  59  6:01  Blink (Chrono Boost)  
  59  6:03  Probe  
  64  6:06  Probe  
  65  6:13  Assimilator  
  65  6:15  Probe  
  65  6:17  Probe  
  64  6:27  Probe x2  
  64  6:31  Stalker x2  
  70  6:38  Probe  
  70  6:39  Probe  
  72  6:42  Pylon  
  72  6:47  Pylon  
  72  6:48  Probe  
  72  6:51  Probe  
  74  6:55  Immortal (Chrono Boost), Gateway  
  74  7:00  Probe  
  79  7:04  Probe  
  79  7:05  Stalker x2  
  84  7:08  Pylon  
  84  7:28  Gateway  
  84  7:30  Stalker x2  
  84  7:33  Gateway  
  84  7:34  Gateway  
  88  7:42  Observer (Chrono Boost)  
  89  7:54  Stalker x2  
  89  7:55  Stalker  
  95  8:00  Warp Prism (Chrono Boost)  
  88  8:25  Stalker x2  
  88  8:26  Stalker x2  
  92  8:34  Stalker x2  
  96  8:53  Pylon  
  96  8:55  Pylon  
  96  8:56  Stalker x3  
  96  9:00  Gateway  
  102  9:06  Pylon  
  102  9:17  Stalker x3  
  102  9:21  Stalker x2  
  102  9:22  Stalker  

Tags
 
Add a new tag
Caveats
  • Supply blocks, unpowered buildings, or Contaminate may cause inaccurate times.
  • Supply counts are checked every 10 seconds.